 Dungeon Crawl Stone Soup version 0.29.1-1-gd02db6906a (webtiles) character file.

Game seed: 9481386786526575792

21957 hawla the Thaumaturge (level 13, -1/84 HPs)
             Began as a Meteoran Fire Elementalist on Oct 6, 2022.
             Was a High Priest of Vehumet.
             Slain by a boulder beetle (14 damage)
             ... on level 3 of the Lair of Beasts.
             The game lasted 00:43:10 (7601 turns).

hawla the Thaumaturge (Meteoran Fire Elementalist)  Turns: 7601, Time: 00:43:11

Health: -1/84      AC: 11    Str:  9    XL:     13   Next: 55%
Magic:  8/41       EV: 14    Int: 24    God:    Vehumet [*****.]
Gold:   406        SH:  9    Dex: 20    Spells: 16/41 levels left

rFire   . . .      SeeInvis .   F - +1 demon whip (venom)
rCold   . . .      Faith    .   x - +0 buckler
rNeg    . . .      Spirit   .   o - +4 leather armour of Depression {rElec Regen+ MP+9}
rPois   +          Reflect  +   E - +1 hat
rElec   +          Harm     .   r - +1 cloak
rCorr   .          Rampage  .   p - +0 pair of gloves
Will    +....                   (no boots)
Stlth   +.........              w - amulet of reflection
HPRegen 1.04/turn               z - +6 ring of dexterity
MPRegen 0.27/turn               i - ring of poison resistance

@: radiating poison, slowed, glowing, very slow
A: sense surroundings 2, otherworldly, glowing, explore regen, frail 1
a: Renounce Religion


You were on level 3 of the Lair of Beasts.
You worshipped Vehumet.
Vehumet was extremely pleased with you.
You visited 3 branches of the dungeon, and saw 14 of its levels.
You also visited: Ossuary.

You collected 730 gold pieces.
You spent 324 gold pieces at shops.

Inventory:

Hand Weapons
 e - a +5 spectral whip
 q - a +6 quarterstaff of chaos
 F - a +1 demon whip of venom (weapon)
Armour
 o - the +4 leather armour of Depression (worn) {rElec Regen+ MP+9}
   (You found it on level 5 of the Dungeon)

   rElec:     It insulates you from electricity.
   MP:        It affects your magic capacity (+9).
   Regen:     It increases your rate of health regeneration.
 p - a +0 pair of gloves (worn)
 r - a +1 cloak (worn)
 x - a +0 buckler (worn)
 y - +0 steam dragon scales
 E - a +1 hat (worn)
Jewellery
 f - a +6 ring of strength
 i - a ring of poison resistance (right hand)
 w - an amulet of reflection (around neck)
 z - a +6 ring of dexterity (left hand)
 A - an amulet of the acrobat
 G - a ring of flight
 H - a +4 ring of evasion
Wands
 j - a wand of roots (17)
 s - a wand of flame (23)
 C - a wand of mindburst (6)
 D - a wand of quicksilver (13)
 I - a wand of paralysis (9)
Scrolls
 a - 3 scrolls of butterflies
 l - 6 scrolls of teleportation
 n - 2 scrolls of fear
 u - 2 scrolls of identify
 J - a scroll of amnesia {unknown}
Potions
 b - 2 potions of magic
 c - 4 potions of berserk rage {unknown}
 d - 3 potions of flight {unknown}
 g - 7 potions of curing
 h - 4 potions of haste
 k - 6 potions of heal wounds
 m - 2 potions of cancellation {unknown}
 t - a potion of ambrosia
 v - 2 potions of might {unknown}
 B - 2 potions of lignification {unknown}


   Skills:
 + Level 3.2 Fighting
 + Level 1.3(3.5) Maces & Flails
 + Level 4.6(4.7) Staves
 - Level 4.0 Armour
 + Level 5.5 Dodging
 - Level 1.6 Stealth
 + Level 0.2 Shields
 + Level 14.8 Spellcasting
 + Level 9.0 Conjurations
 + Level 1.9 Translocations
 + Level 1.8 Transmutations
 + Level 13.5 Fire Magic
 + Level 0.4 Ice Magic
 + Level 3.5 Air Magic
 + Level 8.4 Poison Magic


You had 16 spell levels left.
You knew the following spells:

 Your Spells              Type           Power      Damage    Failure   Level
a - Foxfire               Conj/Fire      100%       2x1d9     1%          1
b - Scorch                Fire           100%       2d10      1%          2
c - Flame Wave            Conj/Fire      64%        2d15      1%          4
d - Mephitic Cloud        Conj/Pois/Air  50%        N/A       1%          3
e - Ignite Poison         Fire/Tmut/Pois 54%        N/A       1%          3
f - Olgreb's Toxic Radia  Pois           55%        N/A       1%          4
g - Hailstorm             Conj/Ice       40%        3d10      2%          4
h - Iskenderun's Mystic   Conj/Tloc      44%        2d10      1%          4

Your spell library contained the following spells:

 Spells                   Type           Power      Damage    Failure   Level
 Shock                    Conj/Air       100%       1d9       1%          1
 Sting                    Tmut/Pois      100%       1d8       1%          1
 Poisonous Vapours        Pois/Air       92%        N/A       1%          2
 Conjure Flame            Conj/Fire      64%        6-21      1%          3
 Dazzling Flash           Conj/Hex       78%        N/A       1%          3
 Inner Flame              Hex/Fire       50%        N/A       1%          3
 Fireball                 Conj/Fire      32%        3d14      1%          5
 Starburst                Conj/Fire      32%        6d10      2%          6
 Swiftness                Air            34%        N/A       4%          3
 Airstrike                Air            17%        2d(3-19)  4%          4
 Freezing Cloud           Conj/Ice/Air   19%        6-21      8%          5
 Ignition                 Fire           35%        3d11      36%         8
 Petrify                  Tmut/Erth      22%        N/A       38%         4
 Metabolic Englaciation   Hex/Ice        9%         N/A       83%         5
 Statue Form              Tmut/Erth      14%        N/A       99%         6


Dungeon Overview and Level Annotations

Branches:
Dungeon (10/15) Zot: 153   Temple (1/1) D:5 Zot: 346    Lair (3/5) D:9 Zot: 543
  Swamp (0/4) Lair:3        Snake (0/4) Lair:2          Orc (0/2) D:9
Ossuary (visited)

Altars:
Ashenzari
Cheibriados
Dithmenos
Elyvilon
Fedhas
Gozag
Hepliaklqana
Kikubaaqudgha
Makhleb
Nemelex Xobeh
Okawaru
Qazlal
Ru
Sif Muna
Trog
Uskayaw
Vehumet
Wu Jian
Xom
Yredelemnul
Zin
The Shining One

Shops:
D:2 (   D:3 =   D:8 *[![   D:9 (


Innate Abilities, Weirdness & Mutations

You passively map the area around you.
You are easily found by Zot.
You glow in the dark.
You regain HP and MP as you explore.
You are frail. (-10% HP)


Message History

The boulder beetle leaps!
Casting: Iskenderun's Mystic Blast (dangerous; 1% risk of failure)
Confirm with . or Enter, or press ? or * to list all spells.
You begin to radiate toxic energy.
The boulder beetle is poisoned.
The catoblepas is poisoned.
The komodo dragon is poisoned.
The boulder beetle curls into a ball and begins rolling!
Being near the torpor snail leaves you feeling lethargic.
Unknown command.
Casting: Olgreb's Toxic Radiance (mildly dangerous; 1% risk of failure)
Confirm with . or Enter, or press ? or * to list all spells.
You erupt in a blast of force!
The mystic blast hits the catoblepas.
The catoblepas is almost dead.
The catoblepas is knocked back by the mystic blast.
The boulder beetle looks even sicker.
The catoblepas looks even sicker.
The torpor snail is poisoned.
You hear an angry hiss.
Casting: Iskenderun's Mystic Blast (dangerous; 1% risk of failure)
Confirm with . or Enter, or press ? or * to list all spells.
Your toxic radiance grows in intensity.
The boulder beetle looks even sicker.
The catoblepas looks even sicker.
The boulder beetle looks as sick as possible!
The catoblepas looks as sick as possible!
Unknown command.
Casting: Olgreb's Toxic Radiance (mildly dangerous; 1% risk of failure)
Confirm with . or Enter, or press ? or * to list all spells.
You erupt in a blast of force!
The mystic blast hits the catoblepas.
The catoblepas is almost dead.
The catoblepas is knocked back by the mystic blast.
The mystic blast hits the boulder beetle but does no damage.
The boulder beetle is moderately wounded.
You kill the catoblepas!
Vehumet accepts your kill.
You feel your power returning.
The komodo dragon looks even sicker.
The torpor snail looks as sick as possible!
The boulder beetle hits you!!!
Ouch! That really hurt!
* * * LOW HITPOINT WARNING * * *
The boulder beetle stops rolling and uncurls.
The boulder beetle bites you!
You die...

......##
#............... ,
.≈≈.#..
#...............,
.P≈≈#..#
##.PP..........§.
,, , .#≈≈P.##
#†..♣............ ,
≈
#.wP...........~,~,
, #.............§.>
, , , *
##§..#.........~,~
, #......##...... ,
* * *
##.@..~~#......,
#.##B.###......
####.°##P......
##.°........, ,
..°........,** ###
...... ,, ,,
##.#### ....., , ,
......# #.... ,
......## *, ,, , *
*


You could see a boulder beetle (extremely poisoned) and a torpor snail
(extremely poisoned).

Vanquished Creatures
  5 hydras
  Harold (D:9)
  A catoblepas (Lair:3)
  Erica (Lair:1)
  Amaemon (Lair:1)
  A will-o-the-wisp (Lair:3)
  A manticore (D:9)
  Joseph (D:8)
  Maggie (D:10)
  4 cane toads
  An orange demon (Lair:1)
  2 komodo dragons
  2 unseen horrors (D:10)
  A polar bear (Lair:1)
  A troll (D:9)
  Prince Ribbit (Lair:1)
  9 blink frogs
  3 wyverns
  Eustachio (D:6)
  18 yaks
  Menkaure (D:7)
  2 nagas (Lair:2)
  2 acid dragons
  Duvessa (D:6)
  4 orc warriors
  A sky beast (D:8)
  2 ice beasts
  4 water moccasins
  2 black bears
  An ogre (D:6)
  9 wolves
  4 centaurs
  2 phantoms (D:6)
  8 bullfrogs
  11 scorpions
  9 wights (D:10)
  Dowan (D:6)
  24 killer bees
  3 centaur zombies (Ossuary)
  3 jellies
  3 human zombies (Ossuary)
  Crazy Yiuf (D:5)
  3 hounds
  2 orc priests
  3 iron imps (D:9)
  A gnoll bouda (D:7)
  4 orc wizards
  4 scorpion zombies (Ossuary)
  4 mummies
  7 adders
  14 gnolls
  2 shadow imps (D:6)
  A white imp (D:6)
  An ufetubus (D:4)
  2 worms (D:2)
  2 dart slugs
  30 orcs
  7 endoplasms
  4 giant cockroaches
  4 gnoll zombies (Ossuary)
  5 goblins
  6 hobgoblins
  3 jackals (D:1)
  5 quokkas
  8 ball pythons
  3 bats
  2 goblin zombies (Ossuary)
  4 hobgoblin zombies
  13 kobolds
  A kobold zombie (Ossuary)
  2 orc zombies (Ossuary)
  8 rats
309 creatures vanquished.

Vanquished Creatures (collateral kills)
  A two-headed ogre (D:9)
  A foxfire (D:3)
2 creatures vanquished.

Vanquished Creatures (others)
  191 foxfires
  15 fungi
  41 plants
247 creatures vanquished.

Grand Total: 558 creatures vanquished

Notes
Turn   | Place    | Note
-------+----------+-------------------------------------------
     0 | D:1      | hawla the Meteoran Fire Elementalist began the quest for
                  | the Orb.
     0 | D:1      | Reached XP level 1. HP: 14/14 MP: 5/5
    64 | D:1      | Reached XP level 2. HP: 20/20 MP: 4/6
    67 | D:1      | Learned a level 2 spell: Scorch
   207 | D:1      | Reached XP level 3. HP: 23/26 MP: 2/8
   309 | D:1      | Reached skill level 3 in Spellcasting
   498 | D:1      | Glimpsed the power of Zot.
   509 | D:2      | Found a faded altar of an unknown god.
   539 | D:2      | Found Nulun's Weapon Shoppe.
   716 | D:2      | Reached XP level 4. HP: 33/33 MP: 4/9
   721 | D:2      | Learned a level 4 spell: Flame Wave
   843 | D:2      | Reached skill level 5 in Fire Magic
   913 | D:2      | Reached XP level 5. HP: 16/38 MP: 3/10
  1097 | D:2      | Glimpsed the power of Zot.
  1435 | D:3      | Found Qinywuwo's Jewellery Shop.
  1695 | D:3      | Glimpsed the power of Zot.
  1938 | D:4      | Reached XP level 6. HP: 45/45 MP: 5/11
  2295 | D:4      | Glimpsed the power of Zot.
  2333 | D:5      | Entered Level 5 of the Dungeon
  2338 | D:5      | Found a staircase to the Ecumenical Temple.
  2353 | Temple   | Entered the Ecumenical Temple
  2587 | Temple   | Became a worshipper of Vehumet
  2656 | D:5      | Noticed an ice beast
  2662 | D:5      | Killed an ice beast
  2663 | D:5      | Reached XP level 7. HP: 27/50 MP: 5/12
  2669 | D:5      | Identified the +4 leather armour of Depression {rElec
                  | Regen+ MP+9}
  2727 | D:5      | Reached skill level 1 in Maces & Flails
  2839 | D:5      | Found a runed translucent door.
  2840 | D:5      | Noticed Crazy Yiuf
  3002 | D:5      | Killed Crazy Yiuf
  3149 | D:5      | Glimpsed the power of Zot.
  3208 | D:6      | Noticed Eustachio
  3214 | D:6      | Reached skill level 4 in Spellcasting
  3214 | D:6      | Reached XP level 8. HP: 53/58 MP: 12/15
  3219 | D:6      | Killed Eustachio
  3220 | D:6      | Reached skill level 1 in Fighting
  3220 | D:6      | Reached skill level 1 in Staves
  3220 | D:6      | Reached skill level 1 in Armour
  3224 | D:6      | Learned a level 3 spell: Mephitic Cloud
  3331 | D:6      | Reached skill level 5 in Conjurations
  3331 | D:6      | Reached skill level 1 in Air Magic
  3331 | D:6      | Reached skill level 1 in Poison Magic
  3439 | D:6      | Noticed Duvessa
  3440 | D:6      | Reached skill level 5 in Spellcasting
  3440 | D:6      | Gained mutation: You passively map the area around you.
                  | [Meteoran growth]
  3440 | D:6      | Reached XP level 9. HP: 64/64 MP: 14/17
  3440 | D:6      | Noticed Dowan
  3444 | D:6      | Killed Dowan
  3457 | D:6      | Killed Duvessa
  3744 | D:6      | Glimpsed the power of Zot.
  3768 | D:7      | Reached skill level 6 in Spellcasting
  3810 | D:7      | Reached * piety under Vehumet
  3810 | D:7      | Offered knowledge of Magic Dart by Vehumet.
  3827 | D:7      | Found a bloodstained altar of Trog.
  3832 | D:7      | Learned a level 3 spell: Ignite Poison
  3851 | D:7      | Noticed Menkaure
  3858 | D:7      | Killed Menkaure
  4018 | D:7      | Reached skill level 7 in Spellcasting
  4165 | D:7      | Reached XP level 10. HP: 73/73 MP: 21/21
  4282 | D:7      | Reached skill level 10 in Fire Magic
  4344 | D:7      | Identified the +1 ring mail "Utia" {Str+2 Slay+2}
  4344 | D:7      | Glimpsed the power of Zot.
  4374 | D:8      | Found Jonehuwk's Antique Armour Shop.
  4419 | D:8      | Found Uwuucin's General Store.
  4447 | D:8      | Reached skill level 8 in Spellcasting
  4470 | D:8      | Offered knowledge of Freeze by Vehumet.
  4474 | D:8      | Reached ** piety under Vehumet
  4475 | D:8      | Reached skill level 9 in Spellcasting
  4531 | D:8      | Found a sand-covered staircase.
  4539 | Ossuary  | Entered an ossuary
  4650 | Ossuary  | Offered knowledge of Stone Arrow by Vehumet.
  4828 | D:8      | Bought a scroll of identify for 30 gold pieces
  4828 | D:8      | Bought a wand of mindburst (6) for 126 gold pieces
  5022 | D:8      | Reached *** piety under Vehumet
  5084 | D:8      | Found Wilaar's Antique Armour Emporium.
  5089 | D:8      | Found Wiut's Distillery.
  5099 | D:8      | Bought a potion of curing for 36 gold pieces
  5099 | D:8      | Bought a potion of curing for 36 gold pieces
  5099 | D:8      | Bought a potion of magic for 96 gold pieces
  5176 | D:8      | Noticed Joseph
  5192 | D:8      | Killed Joseph
  5193 | D:8      | Reached XP level 11. HP: 53/80 MP: 23/25
  5198 | D:8      | Learned a level 4 spell: Olgreb's Toxic Radiance
  5205 | D:8      | Glimpsed the power of Zot.
  5213 | D:9      | Gained mutation: You are frail. (-10% HP) [potion of
                  | mutation]
  5251 | D:9      | Reached skill level 10 in Spellcasting
  5266 | D:9      | Noticed Harold
  5275 | D:9      | Killed Harold
  5359 | D:9      | Noticed a manticore
  5362 | D:9      | Offered knowledge of Frozen Ramparts by Vehumet.
  5366 | D:9      | Killed a manticore
  5368 | D:9      | Reached skill level 11 in Spellcasting
  5493 | D:9      | Noticed a two-headed ogre
  5495 | D:9      | Found a burning altar of Makhleb.
  5536 | D:9      | Killed a two-headed ogre
  5654 | D:9      | Found a staircase to the Orcish Mines.
  5654 | D:9      | Found Edujoota's Weapon Emporium.
  5712 | D:9      | Found a staircase to the Lair.
  5806 | D:9      | Glimpsed the power of Zot.
  5815 | D:10     | Entered Level 10 of the Dungeon
  5827 | D:10     | Reached **** piety under Vehumet
  5876 | D:10     | Reached skill level 5 in Poison Magic
  5890 | D:10     | Found an iron altar of Okawaru.
  5935 | D:10     | Reached XP level 12. HP: 79/79 MP: 23/28
  6011 | D:10     | Offered knowledge of Hailstorm by Vehumet.
  6030 | D:10     | Reached skill level 12 in Spellcasting
  6088 | D:10     | Noticed Maggie
  6095 | D:10     | Killed Maggie
  6351 | Lair:1   | Entered Level 1 of the Lair of Beasts
  6379 | Lair:1   | Learned a level 4 spell: Hailstorm
  6423 | Lair:1   | Noticed Amaemon
  6435 | Lair:1   | Killed Amaemon
  6491 | Lair:1   | Noticed a six-headed hydra
  6494 | Lair:1   | Noticed Prince Ribbit
  6502 | Lair:1   | Killed a six-headed hydra
  6522 | Lair:1   | Reached skill level 5 in Dodging
  6523 | Lair:1   | Reached skill level 13 in Spellcasting
  6527 | Lair:1   | Killed Prince Ribbit
  6535 | Lair:1   | Learned a level 4 spell: Iskenderun's Mystic Blast
  6763 | Lair:1   | Noticed Erica
  6767 | Lair:1   | Killed Erica
  6850 | Lair:1   | Glimpsed the power of Zot.
  7134 | Lair:2   | Noticed a lindwurm
  7134 | Lair:2   | Noticed a lindwurm
  7143 | Lair:2   | Found a staircase to the Snake Pit.
  7157 | Lair:2   | Reached skill level 1 in Transmutations
  7157 | Lair:2   | Reached XP level 13. HP: 55/84 MP: 5/31
  7157 | Lair:2   | Noticed a six-headed hydra
  7167 | Lair:2   | Killed a six-headed hydra
  7196 | Lair:2   | Noticed a six-headed hydra
  7205 | Lair:2   | Killed a six-headed hydra
  7206 | Lair:2   | Reached skill level 14 in Spellcasting
  7206 | Lair:2   | Reached skill level 1 in Translocations
  7448 | Lair:2   | Glimpsed the power of Zot.
  7466 | Lair:3   | Noticed an eight-headed hydra
  7475 | Lair:3   | Killed an eight-headed hydra
  7561 | Lair:3   | Noticed a four-headed hydra
  7567 | Lair:3   | Noticed a catoblepas
  7593 | Lair:3   | Killed a four-headed hydra
  7593 | Lair:3   | Reached ***** piety under Vehumet
  7597 | Lair:3   | Noticed a boulder beetle
  7601 | Lair:3   | Killed a catoblepas
  7601 | Lair:3   | Slain by a boulder beetle

Illustrated notes

Levels and vault maps discovered:
D:1:      doesnt_arrival_eight_statues, layout_loops_ring
D:2:      minmay_recursive_quarters, layout_basic,
          ebering_ecumenical_altar_webs, serial_shops,
          nicolae_shop_advertising_works [nicolae_subvault_shop_adworks]
D:3:      layout_loops_cross, serial_shops, shop, serial_park_tiny_pond,
          minmay_misc_feat_alley, serial_bayou_lagoon_a
D:4:      layout_cave_pods
D:5:      layout_basic, minmay_temple_entry_large_hall, uniq_blork_the_orc,
          uniq_crazy_yiuf_cottage
D:6:      layout_loops_cross, uniq_eustachio, uniq_duvessa
D:7:      layout_cave_pods, trog_three_pillars_becter, uniq_menkaure
D:8:      layout_loops_ring, serial_shops,
          nicolae_shop_temple_entry_statues_fountains, nicolae_lakefront_shop,
          nicolae_take_the_stairs, shop, nicolae_ossuary_entry_giza, uniq_joseph
D:9:      nicolae_cairo_tiling_large, layout_rooms, demons_altar, orc_david_3,
          uniq_harold
D:10:     layout_cross, okawaru_gym_becter, uniq_maggie
Temple:   compressed_dpeg_triangle_lava_temple
Lair:1:   layout_loops_ring, grunt_forest_small_clearings, uniq_grum,
          uniq_prince_ribbit2, uniq_erica, uniq_amaemon
Lair:2:   layout_cave_pods, guppyfry_snake_entry_island, nicolae_lair_lindhole
Lair:3:   layout_gridlike, minmay_swamp_entry_wisps, serial_bayou_pond_e,
          lemuel_fruit_fields

Skill      XL: |  1  2  3  4  5  6  7  8  9 10 11 12 13 |
---------------+----------------------------------------+-----
Fire Magic     | 4 5 6 7 8 9 11 12 13 | 13.5
Spellcasting   | 3 4 5 7 9 11 13 14 | 14.8
Conjurations   | 2 3 4 5 6 7 8 9 |  9.0
Maces & Flails | 1 |  1.3
Fighting       | 1 2 3 |  3.2
Staves         | 1 2 3 4 |  4.6
Armour         | 1 2 3 4 |  4.0
Air Magic      | 2 3 |  3.5
Poison Magic   | 2 5 7 8 |  8.4
Dodging        | 3 4 5 |  5.5
Transmutations | 1 |  1.8
Translocations | 1 |  1.9
Stealth        | |  1.6
Shields        | |  0.2
Ice Magic      | |  0.4

Action                   |  1- 3 |  4- 6 |  7- 9 | 10-12 | 13-15 || total
-------------------------+-------+-------+-------+-------+-------++-------
Melee: Unarmed           |     2 |       |       |       |       ||     2
       Whip              |    27 |    25 |       |       |       ||    52
       Quarterstaff      |       |       |    26 |    52 |       ||    78
 Cast: Foxfire           |    27 |    25 |    33 |    34 |     3 ||   122
       Scorch            |    10 |    18 |    42 |    58 |       ||   128
       Flame Wave        |       |     4 |     6 |    37 |     5 ||    52
       Mephitic Cloud    |       |       |     6 |    14 |     8 ||    28
       Ignite Poison     |       |       |     2 |    24 |     9 ||    35
       Olgreb's Toxic Ra |       |       |       |    30 |     9 ||    39
       Iskenderun's Myst |       |       |       |    10 |    22 ||    32
       Hailstorm         |       |       |       |     5 |     6 ||    11
  Use: Scroll            |     1 |    11 |     2 |    12 |     1 ||    27
       Potion            |       |       |     2 |     2 |     1 ||     5
 Stab: Paralysed         |       |       |       |     1 |       ||     1
       Distracted        |       |       |       |     1 |       ||     1
       Confused          |       |       |       |     1 |       ||     1
Armor: Robe              |     7 |    10 |       |       |       ||    17
       Leather armour    |       |       |    28 |    75 |     5 ||   108
Dodge: Dodged            |    15 |    25 |    44 |    63 |    14 ||   161
Block: Other             |       |       |       |    23 |       ||    23
       Reflection        |       |       |       |     1 |       ||     1
       Buckler           |       |       |       |       |     8 ||     8
